 Dungeon Crawl Stone Soup version 0.18.1-50-g88ac8fd (webtiles) character file.

65 Inkary the Cudgeler (level 4, -2/28 HPs)
             Began as a Gargoyle Fighter on Sept 17, 2016.
             Killed by divine providence
             ... invoked by an orc priest
              (13 damage)
             ... on level 3 of the Dungeon.
             The game lasted 00:04:31 (1572 turns).

Inkary the Cudgeler (Gargoyle Fighter)              Turns: 1572, Time: 00:04:32

Health: -2/28      AC: 10    Str: 20    XL:     4   Next: 13%
Magic:  4/4        EV: 10    Int:  9    God:
Gold:   124        SH:  0    Dex:  9    Spells: 0 memorised, 3 levels left

rFire  + . .     SeeInvis .     a - +0 flail
rCold  . . .     Gourm    .     b - +0 scale mail
rNeg   + . .     Faith    .     (no shield)
rPois  ∞         Spirit   .     (no helmet)
rElec  +         Dismiss  .     (no cloak)
rCorr  .         Reflect  .     (no gloves)
SustAt .         Harm     .     (no boots)
MR     .....     Clarity  +     (no amulet)
Stlth  ..........               (no ring)
                                k - ring of protection from fire

@: not resistant to hostile enchantments, extremely unstealthy
A: clarity, negative energy resistance 1, electricity resistance, wild magic 1,
unbreathing, petrification resistance, rot immunity, sturdy frame 1, AC +3
a: no special abilities


You were on level 3 of the Dungeon.
You were not hungry.

You visited 1 branch of the dungeon, and saw 3 of its levels.

You collected 124 gold pieces.

Inventory:

Hand Weapons
 a - a +0 flail (weapon)
Missiles
 l - a throwing net (quivered)
Armour
 b - a +0 scale mail (worn)
 c - a +0 shield
Jewellery
 k - a ring of protection from fire (left hand)
 q - an uncursed ring of wizardry {unknown}
Scrolls
 j - 2 scrolls of remove curse {unknown}
 m - a scroll of enchant armour {unknown}
 o - a scroll of random uselessness {unknown}
 r - a scroll of amnesia {unknown}
Potions
 d - a potion of might
 e - a potion of heal wounds {unknown}
 g - a potion of lignification {unknown}
 i - a potion of resistance
 n - a potion of berserk rage
Comestibles
 f - 7 bread rations
 h - 2 meat rations
 p - 2 chunks of flesh


   Skills:
 - Level 3.2 Fighting
 * Level 4.2 Maces & Flails
 - Level 3.2 Armour
 - Level 3.2 Shields


You had 3 spell levels left.
You didn't know any spells.

Dungeon Overview and Level Annotations

Branches:
Dungeon (3/15)

Altars:

Annotations:
D:2 Sigmund


Innate Abilities, Weirdness & Mutations

You are resistant to torment.
Your stone body is resilient (AC +3).
You are immune to poison.
You resist negative energy.
You are resistant to electric shocks.
You can survive without breathing.
You are immune to petrification.
You are immune to rotting.
You possess an exceptional clarity of mind.
Your spells are a little harder to cast, but a little more powerful.
Your movements are slightly less encumbered by armour (ER -2).


Message History

a hand axe; an orc corpse You barely miss the orc priest.
The orc priest completely misses you.
You sock the orc priest!
The orc priest is severely wounded.
The orc priest hits you but does no damage.
You barely miss the orc priest.
The orc priest is severely wounded.
The orc priest barely misses you.
The orc priest casts a cantrip, but nothing happens.
You hit the orc priest.
The orc priest is severely wounded.
The orc priest hits you with a falchion.
You hit the orc priest but do no damage.
The orc priest is severely wounded.
The orc priest hits you but does no damage.
You closely miss the orc priest.
The orc priest is severely wounded.
The orc priest invokes the aid of Beogh against you.
Beogh smites you!
You die...

### ... ..#
###################
#.#
.....oo@..........#
#.#
#################.#
#.##########
#.######
.).........#
#.......
#.########.##
########
#...........#
..########..####
..# #..##.#######
..#
######..#.........
###


You could see an orc priest and an orc.

Vanquished Creatures
  3 dart slugs
  2 giant geckos
  3 orcs (D:3)
  6 bats
  3 giant cockroaches
  7 goblins
  4 hobgoblins
  5 jackals
  A ball python (D:3)
  A giant newt (D:1)
  6 kobolds
  9 rats
50 creatures vanquished.

Notes
Turn   | Place    | Note
--------------------------------------------------------------
     0 | D:1      | Inkary the Gargoyle Fighter began the quest for the Orb.
     0 | D:1      | Reached XP level 1. HP: 14/14 MP: 1/1
   113 | D:1      | Reached XP level 2. HP: 18/19 MP: 2/2
   196 | D:1      | Reached skill level 3 in Maces & Flails
   475 | D:1      | Reached XP level 3. HP: 20/23 MP: 3/3
   672 | D:2      | Noticed Sigmund
  1174 | D:1      | Gained mutation: Your movements are slightly less encumbered by armour (ER -2). [potion of mutation]
  1174 | D:1      | Gained mutation: Your spells are a little harder to cast, but a little more powerful. [potion of mutation]
  1174 | D:1      | Gained mutation: You possess an exceptional clarity of mind. [potion of mutation]
  1247 | D:2      | Reached skill level 4 in Maces & Flails
  1482 | D:3      | Reached XP level 4. HP: 28/28 MP: 4/4
  1572 | D:3      | Killed from afar by an orc priest

Skill      XL: |  1  2  3 |
---------------+----------+-----
Maces & Flails | 3 4 |  4.2
Fighting       | |  3.2
Armour         | |  3.2
Shields        | |  3.2

Action                   |  1- 3 |  4- 6 || total
-------------------------+-------+-------++-------
Melee: Flail             |   143 |    18 ||   161
  Use: Scroll            |     3 |       ||     3
       Potion            |     1 |       ||     1
  Eat: Chunk             |     2 |       ||     2
Armor: Scale mail        |   122 |     8 ||   130
Dodge: Dodged            |   114 |     5 ||   119
Block: Shield            |     3 |       ||     3
